 Dungeon Crawl Stone Soup version 0.27-a0-808-g60bc5d92e6 (webtiles) character file.

Game seed: 979294584572643504

11378 rageheart7 the Cruncher (level 11, -4/85 HPs)
             Began as a Tengu Fighter on Mar 28, 2021.
             Was a High Priest of Wu Jian.
             Killed by divine providence
             ... invoked by an orc priest
              (13 damage)
             ... on level 11 of the Dungeon.
             The game lasted 00:15:01 (10185 turns).

rageheart7 the Cruncher (Tengu Fighter)            Turns: 10185, Time: 00:15:02

Health: -4/85      AC: 24    Str: 22    XL:     11   Next: 76%
Magic:  12/12      EV: 10    Int:  8    God:    Wu Jian [*****.]
Gold:   538        SH:  0    Dex: 16    Spells: 10/10 levels left

rFire    . . .     SeeInvis .   o - +4 lajatang (speed)
rCold    . . .     Faith    +   (shield currently unavailable)
rNeg     + . .     Spirit   .   k - +6 plate armour of Pragmatism {-Cast rCorr Dex+2}
rPois    +         Reflect  .   h - +0 hat {Stlth+}
rElec    .         Harm     .   (no cloak)
rCorr    +         Rampage  .   b - +3 pair of gauntlets of War {Slay+5}
Will     .....     NoCast   +   (boots unavailable)
Stlth    ..........             s - amulet of faith
HPRegen  0.24/turn              l - ring of wizardry
MPRegen  0.13/turn              g - ring of positive energy

@: about to teleport, flying quickly and evasively, quick
A: beak, talons 3, nimble flight, rugged brown scales 1, poison resistance,
robust 1, strong 1, sturdy frame 1
a: Renounce Religion, Wall Jump, Serpent's Lash, Heavenly Storm


You were on level 11 of the Dungeon.
You worshipped Wu Jian.
Wu Jian was extremely pleased with you.
You visited 1 branch of the dungeon, and saw 11 of its levels.
You also visited: Ossuary.

You collected 538 gold pieces.

Inventory:

Hand Weapons
 o - a +4 lajatang of speed (weapon)
Armour
 b - the +3 pair of gauntlets of War (worn) {Slay+5}
   (You acquired it on level 4 of the Dungeon)

   It affects your accuracy and damage with ranged weapons and melee attacks
   (+5).
 c - a +0 kite shield
 h - a +0 hat of stealth (worn)
 i - a +5 scale mail of willpower
 k - the +6 plate armour of Pragmatism (worn) {-Cast rCorr Dex+2}
   (You found it on level 4 of the Dungeon)

   It affects your dexterity (+2).
   It prevents spellcasting.
   It provides partial protection from all sources of acid and corrosion.
Jewellery
 g - a ring of positive energy (right hand)
 l - a ring of wizardry (left hand)
 q - an amulet of guardian spirit
 s - an amulet of faith (around neck)
 u - a ring of see invisible
Wands
 e - a wand of paralysis (8)
Scrolls
 a - 2 scrolls of immolation {unknown}
 f - 4 scrolls of teleportation
 j - 2 scrolls of enchant armour
 p - a scroll of summoning
 y - 2 scrolls of identify
 z - 2 scrolls of amnesia
Potions
 d - 5 potions of might
 m - a potion of invisibility
 n - 3 potions of cancellation
 r - 8 potions of curing
 t - a potion of resistance
 v - a potion of ambrosia
 w - a potion of brilliance
 x - 2 potions of mutation
 A - 3 potions of lignification
 B - a potion of attraction
Miscellaneous
 C - a phantom mirror


   Skills:
 - Level 12.0 Fighting
 - Level 4.7 Long Blades
 * Level 12.4 Staves
 + Level 7.9 Armour
 + Level 2.1 Dodging
 - Level 3.0 Shields


You had 10 spell levels left.
You didn't know any spells.
Your spell library contained the following spells:

 Spells                   Type           Power      Damage    Failure   Level
 Freeze                   Ice            0%         1d3       80%         1
 Magic Dart               Conj           0%         1d3       80%         1
 Shock                    Conj/Air       0%         1d3       80%         1
 Summon Small Mammal      Summ           0%         N/A       80%         1
 Blink                    Tloc           N/A        N/A       90%         2
 Call Imp                 Summ           0%         N/A       90%         2
 Slow                     Hex            0%         N/A       90%         2
 Swiftness                Air            0%         N/A       90%         2
 Call Canine Familiar     Summ           0%         N/A       98%         3
 Confusing Touch          Hex            0%         N/A       98%         3
 Conjure Flame            Conj/Fire      0%         6-21      98%         3
 Frozen Ramparts          Ice            0%         1d2       98%         3
 Gell's Gravitas          Tloc           0%         N/A       98%         3
 Mephitic Cloud           Conj/Pois/Air  0%         N/A       98%         3
 Ozocubu's Armour         Ice            0%         N/A       98%         3
 Static Discharge         Conj/Air       0%         N/A       98%         3
 Summon Guardian Golem    Hex/Summ       0%         N/A       98%         3
 Airstrike                Air            0%         N/A       100%        4
 Hailstorm                Conj/Ice       0%         3d3       100%        4
 Petrify                  Tmut/Erth      0%         N/A       100%        4
 Summon Ice Beast         Ice/Summ       0%         N/A       100%        4
 Summon Lightning Spire   Summ/Air       0%         N/A       100%        4
 Lightning Bolt           Conj/Air       0%         1d11      100%        5
 Metabolic Englaciation   Hex/Ice        0%         N/A       100%        5
 Yara's Violent Unravell  Hex/Tmut       0%         3d3       100%        5


Dungeon Overview and Level Annotations

Branches:
Dungeon (11/15)            Temple (0/1) D:4            Lair (0/6) D:9
Ossuary (visited)
    Orc: D:9-12

Altars:
Cheibriados
Dithmenos
Elyvilon
Gozag
Hepliaklqana
Kikubaaqudgha
Makhleb
Okawaru
Qazlal
Ru
Sif Muna
Vehumet
Wu Jian
Yredelemnul
Zin

Shops:
D:9 [


Innate Abilities, Weirdness & Mutations

You have a beak for a mouth.
You have claws for feet.
Your magical nature lets you fly swiftly and evasively.
You are partially covered in rugged brown scales. (AC +1, +3% HP)
Your system is resistant to poisons. (rPois)
You are robust. (+10% HP)
Your muscles are strong. (Str +2)
Your movements are slightly less encumbered by armour. (ER -2)


Message History

An orc priest comes into view. It is wielding a +0 mace.
You hear a shout!
Found 18 stones.
An orc and an orc warrior come into view.
The orc warrior shouts!
The orc shouts!
You hear a shout! x2
The orc priest mumbles some strange prayers to Beogh against you.
Beogh smites you!
An orc wizard comes into view. It is wielding a +2 dagger of draining.
Found a potion of brilliance.
There are monsters nearby! 2 orcs, an orc warrior and an orc priest come into view.
The orc shouts! x2; The orc priest shouts!
A troll comes into view.
There are monsters nearby!
The troll shouts!
You slice the white ugly thing!! You claw the white ugly thing.
The white ugly thing is heavily wounded.
The orc wizard gestures at itself while chanting.
The orc wizard flickers and vanishes!
Deactivating autopickup; reactivate with Ctrl-A.
You slash the white ugly thing!
You claw the white ugly thing, but do no damage.
You peck the white ugly thing.
The white ugly thing is severely wounded.
The orc priest calls down the wrath of Beogh upon you.
Beogh smites you! The white ugly thing claws you.
The white ugly thing freezes you!!
The orc priest invokes the aid of Beogh against you.
Beogh smites you!
* * * LOW HITPOINT WARNING * * *
As you read the scroll of teleportation, it crumbles to dust.
You feel strangely unstable. The orc priest barely misses you.
The white ugly thing closely misses you.
The orc priest calls down the wrath of Beogh upon you.
Beogh smites you!
* * * LOW HITPOINT WARNING * * *
You hear a roar!
The orc priest invokes the aid of Beogh against you.
Beogh smites you!
You die...

###.^..####....####...#.
#....# #....# #...##
#....####....# #####
#....(..#....#
.###.......######
...........#
..##.....### #.###..#.#
.......#@######
........u.....#
..#.....o.....#
#.....o.....(.#
##..o.ooo.....#
#....o.####### #[...T.#
##....o# #...(..


You could see a white ugly thing, a troll, 2 orc warriors, 3 orc priests and 3
orcs.

Vanquished Creatures
  Gastronok (D:8)
  Pikel (D:6)
  Joseph (D:8)
  Psyche (D:8)
  A troll (D:9)
  A hornet (D:9)
  A shadow (D:11)
  5 yaks
  3 wyverns
  Eustachio (D:6)
  2 steam dragons
  Menkaure (D:6)
  2 acid dragons
  8 water moccasins
  3 orc warriors
  2 ice beasts
  4 black bears
  3 ogres
  2 sky beasts (D:7)
  7 centaurs
  3 wolves (D:9)
  2 lemures (D:6)
  A phantom (D:6)
  4 kobold brigands
  Blork the orc (D:6)
  A wyvern zombie (D:9)
  A gnoll sergeant (D:9)
  4 scorpions
  8 killer bees
  10 wights
  A howler monkey (D:4)
  5 centaur zombies
  A bullfrog zombie (D:6)
  A hound (D:5)
  2 jellies
  A bullfrog skeleton (D:6)
  5 orc priests
  2 centaur skeletons (D:7)
  5 iguanas
  Jessica (D:4)
  Terence (D:2)
  7 orc wizards
  A killer bee zombie (D:6)
  4 mummies (Ossuary)
  5 gnolls
  A howler monkey skeleton (D:4)
  7 adders
  A white imp (D:6)
  An ufetubus (D:5)
  2 adder zombies
  4 worms
  2 dart slugs
  33 orcs
  8 ball pythons
  A bat zombie (D:2)
  6 endoplasms
  8 giant cockroaches
  7 goblins
  3 hobgoblins
  2 quokkas (D:1)
  A ball python zombie (D:2)
  4 bats
  4 frilled lizards (D:1)
  4 gnoll skeletons (Ossuary)
  3 gnoll zombies (Ossuary)
  3 goblin skeletons (Ossuary)
  4 goblin zombies
  6 hobgoblin skeletons (Ossuary)
  9 hobgoblin zombies (Ossuary)
  21 kobolds
  2 kobold skeletons (Ossuary)
  2 kobold zombies (Ossuary)
  5 orc skeletons (Ossuary)
  4 orc zombies (Ossuary)
  A quokka zombie (D:7)
  A rat (D:3)
  4 rat skeletons (Ossuary)
  4 rat zombies (Ossuary)
295 creatures vanquished.

Vanquished Creatures (others)
  An orc wizard (D:3)
  A kobold (D:8)
  A kobold skeleton (Ossuary)
  A plant (D:9)
4 creatures vanquished.

Grand Total: 299 creatures vanquished

Notes
Turn   | Place    | Note
-------+----------+-------------------------------------------
     0 | D:1      | rageheart7 the Tengu Fighter began the quest for the Orb.
     0 | D:1      | Reached XP level 1. HP: 14/14 MP: 2/2
   125 | D:1      | Reached XP level 2. HP: 19/19 MP: 3/3
   346 | D:1      | Reached XP level 3. HP: 17/23 MP: 4/4
  1259 | D:2      | Found a radiant altar of Vehumet.
  1275 | D:2      | Reached XP level 4. HP: 21/29 MP: 5/5
  1443 | D:2      | Noticed Terence
  1454 | D:2      | Killed Terence
  1826 | D:2      | Found a basalt altar of Yredelemnul.
  1973 | D:2      | Found a glowing silver altar of Zin.
  1973 | D:2      | Found a snail-covered altar of Cheibriados.
  2022 | D:2      | Gained mutation: Your magical nature lets you fly swiftly
                  | and evasively. [Tengu growth]
  2022 | D:2      | Reached XP level 5. HP: 34/34 MP: 6/6
  2194 | D:2      | Found an ornate altar of the Wu Jian Council.
  2308 | D:2      | Became a worshipper of the Wu Jian Council
  3037 | D:4      | Reached skill level 5 in Fighting
  3038 | D:4      | HP: 1/35 [orc/+0 whip (4)]
  3041 | D:4      | Reached XP level 6. HP: 1/40 MP: 7/7
  3055 | D:4      | Identified a scroll of acquirement
  3055 | D:4      | Acquired the +3 pair of gauntlets of War {Slay+5}
  3056 | D:4      | Found the +3 pair of gauntlets of War {Slay+5}
  3355 | D:4      | Found a staircase to the Ecumenical Temple.
  3525 | D:4      | Identified the +6 plate armour of Pragmatism {-Cast rCorr
                  | Dex+2}
  3530 | D:4      | Reached * piety under Wu Jian
  3625 | D:4      | Reached XP level 7. HP: 47/47 MP: 8/8
  3650 | D:4      | Found a hazy altar of Hepliaklqana.
  3971 | D:4      | Noticed Jessica
  3978 | D:4      | Gained mutation: You have a pair of small antennae on your
                  | head. [potion of mutation]
  3978 | D:4      | Gained mutation: Scrolls take you a little longer to read.
                  | [potion of mutation]
  3978 | D:4      | Gained mutation: Your movements are slightly less
                  | encumbered by armour. (ER -2) [potion of mutation]
  3978 | D:4      | Gained mutation: You are partially covered in rugged brown
                  | scales. (AC +1, +3% HP) [potion of mutation]
  3983 | D:4      | Found a shimmering blue altar of Sif Muna.
  3983 | D:4      | Killed Jessica
  4149 | D:5      | Entered Level 5 of the Dungeon
  4169 | D:5      | Lost mutation: You have a pair of small antennae on your
                  | head. [potion of mutation]
  4169 | D:5      | Lost mutation: Scrolls take you a little longer to read.
                  | [potion of mutation]
  4169 | D:5      | Gained mutation: You are robust. (+10% HP) [potion of
                  | mutation]
  4169 | D:5      | Gained mutation: Your muscles are strong. (Str +2) [potion
                  | of mutation]
  4169 | D:5      | Gained mutation: Your system is resistant to poisons.
                  | (rPois) [potion of mutation]
  4250 | D:5      | Reached skill level 1 in Staves
  4703 | D:5      | Reached XP level 8. HP: 60/61 MP: 9/9
  4783 | D:5      | Found a shadowy altar of Dithmenos.
  5125 | D:6      | Found a burning altar of Makhleb.
  5131 | D:6      | Found an iron altar of Okawaru.
  5188 | D:6      | Noticed Blork the orc
  5191 | D:6      | Killed Blork the orc
  5224 | D:6      | Reached skill level 5 in Staves
  5273 | D:6      | Noticed Menkaure
  5280 | D:6      | Killed Menkaure
  5318 | D:6      | Found a sacrificial altar of Ru.
  5459 | D:6      | Reached XP level 9. HP: 67/67 MP: 10/10
  5472 | D:6      | Noticed Pikel
  5488 | D:6      | Killed Pikel
  5488 | D:6      | Reached ** piety under Wu Jian
  5609 | D:6      | Found a shimmering blue altar of Sif Muna.
  5617 | D:6      | Found an opulent altar of Gozag.
  5695 | D:6      | Noticed Eustachio
  5700 | D:6      | Killed Eustachio
  5873 | D:7      | Reached skill level 10 in Fighting
  5934 | D:7      | Found a sand-covered staircase.
  5944 | Ossuary  | Entered an ossuary
  6039 | Ossuary  | Reached *** piety under Wu Jian
  6232 | Ossuary  | Reached **** piety under Wu Jian
  6523 | D:7      | Found an ancient bone altar of Kikubaaqudgha.
  6988 | D:8      | Noticed Gastronok
  6995 | D:8      | Killed Gastronok
  6995 | D:8      | Noticed Psyche
  6996 | D:8      | Reached skill level 5 in Armour
  6996 | D:8      | Reached XP level 10. HP: 79/79 MP: 11/11
  6999 | D:8      | Killed Psyche
  7026 | D:8      | Reached skill level 10 in Staves
  7138 | D:8      | Found a white marble altar of Elyvilon.
  7403 | D:8      | Reached ***** piety under Wu Jian
  7495 | D:8      | Noticed Joseph
  7501 | D:8      | Killed Joseph
  7581 | D:8      | Reached XP level 11. HP: 85/85 MP: 12/12
  7882 | D:8      | Found a stormy altar of Qazlal.
  8046 | D:9      | Found Beol's Antique Armour Shop.
  8159 | D:9      | Found a staircase to the Lair.
  8364 | D:9      | Found a stormy altar of Qazlal.
  9115 | D:10     | Entered Level 10 of the Dungeon
  9688 | D:10     | Reached skill level 1 in Dodging
 10176 | D:11     | Noticed a white ugly thing
 10185 | D:11     | Killed from afar by an orc priest

Illustrated notes

Levels and vault maps discovered:
D:1:      ncdulo_smallfort, layout_loops_corners, minmay_cupped
D:2:      layout_loops_ring, gammafunk_temple_overflow_pools,
          lemuel_coloured_pillars_altar, vehumet_crystals,
          nicolae_yredelemnul_corpse_copse, nicolae_underground_beach,
          uniq_terence
D:3:      layout_rooms, minmay_statues_item
D:4:      layout_cave_pods, nzn_hepliaklqana_mist_gate,
          minmay_temple_entry_wispy, gup_sewer_entry_bowl, tgw_sif
D:5:      corexii_shack_village, layout_loops_corners,
          nicolae_dithmenos_through_a_glass_darkly
D:6:      layout_basic, overflow_temple_1_default,
          nicolae_overflow_crystal_walls, nicolae_overflow_hidden_temple,
          nicolae_ru_path_of_blood, uniq_blork_the_orc, uniq_menkaure,
          uniq_eustachio, uniq_pikel
D:7:      layout_cave_pools, lemuel_round_altar, enter_ossuary_4,
          chequers_serial_rivers_large_a, serial_bayou_pond_a
D:8:      layout_basic, basic_altar, st_stairs_9, elyvilon_altar_5,
          uniq_gastronok, uniq_joseph, uniq_psyche
D:9:      layout_stronghold, marbit_many_paths, minmay_lair_entry_grove,
          serial_shops, nicolae_shop_overgrown_old_shop
D:10:     layout_irregular_city, minmay_fractal_squares_diagonal_5
D:11:     layout_basic

Skill      XL: |  1  2  3  4  5  6  7  8  9 10 11 |
---------------+----------------------------------+-----
Long Blades    | 3 4 |  4.7
Fighting       | 4 5 6 7 9 11 12 | 12.0
Staves         | 3 6 9 10 12 | 12.4
Armour         | 5 6 7 |  7.9
Dodging        | 2 |  2.1
Shields        | |  3.0

Action                   |  1- 3 |  4- 6 |  7- 9 | 10-12 || total
-------------------------+-------+-------+-------+-------++-------
Melee: Long sword        |    60 |    71 |       |       ||   131
       Kick              |    18 |    35 |    55 |    72 ||   180
       Peck              |     8 |    21 |    37 |    47 ||   113
       Lajatang          |       |    35 |   199 |   195 ||   429
Invok: Lunge             |       |     8 |    43 |    21 ||    72
       Whirlwind         |       |     1 |    13 |     3 ||    17
  Use: Scroll            |       |     6 |    10 |     3 ||    19
       Potion            |       |     6 |     3 |       ||     9
Armor: Scale mail        |    35 |    44 |       |       ||    79
       Plate armour      |       |     3 |    57 |    97 ||   157
Dodge: Dodged            |    30 |    26 |    32 |    59 ||   147
Block: Kite shield       |       |    28 |       |       ||    28
       Rpst.: Long sword |    15 |     4 |       |       ||    19

Table legend: (Time is in decaauts)
 A = Elapsed time spent in this place.
 B = Non-inter-level travel time spent in this place.
 C = Inter-level travel time spent in this place.
 D = Time resting spent in this place.
 E = Time spent auto-exploring this place.
 F = Levels seen in this place.
 G = Mean time per level.
                   A        B        C        D        E       F      G
               +--------+--------+--------+--------+--------+-----+--------+
         Total |   9515 |   9168 |    347 |      0 |   7672 |  12 |  792.9 |
       Dungeon |   9202 |   8855 |    347 |      0 |   7503 |  11 |  836.5 |
       Ossuary |    312 |    312 |      0 |      0 |    168 |   1 |  312.0 |
               +--------+--------+--------+--------+--------+-----+--------+

Top non-repeatable levels by time:
     D:2: 1261 daAuts
     D:4: 1108 daAuts
     D:1: 1078 daAuts
     D:9: 1014 daAuts
     D:8: 961 daAuts
     D:5: 812 daAuts
     D:6: 756 daAuts
    D:10: 707 daAuts
     D:7: 646 daAuts
     D:3: 591 daAuts
 Ossuary: 312 daAuts
    D:11: 263 daAuts
